 Dungeon Sprint DCSS version 0.28.0-43-g3370ac3207 (webtiles) character file.

Game seed: 12184904715134044616

3159 boopmooplesden the Severer (level 9, -7/97 HPs)
             Began as a Minotaur Berserker on Mar 11, 2022.
             Was a High Priest of Trog.
             Mangled by a tentacle (10 damage)
             ... attached to a kraken
             ... in the Dungeon (Sprint II: "The Violet Keep of Menkaure").
             The game lasted 00:02:48 (908 turns).

boopmooplesden the Severer (Minotaur Berserker)      Turns: 908, Time: 00:02:49

Health: -7/97      AC: 13    Str: 22    XL:     9   Next: 62%
Magic:  8/8        EV: 13    Int:  9    God:    Trog [*****.]
Gold:   248        SH:  0    Dex: 12    Spells: 8/8 levels left

rFire   . . .      SeeInvis .   a - +0 hand axe
rCold   + . .      Faith    .   (no shield)
rNeg    . . .      Spirit   .   j - +3 scale mail {rC+}
rPois   +          Reflect  .   (helmet restricted)
rElec   .          Harm     .   (no cloak)
rCorr   .          Rampage  +   (no gloves)
Will    .....      NoTele   +   k - +1 pair of boots {rampage}
Stlth   ..........              (no amulet)
HPRegen 0.26/turn               l - ring of Zutzyrghu {rPois Int+3}
MPRegen 0.11/turn               (no ring)

@: on berserk cooldown, slowed, very slow
A: horns 2, retaliatory headbutt, clever 1, weak 1, no potion heal 1
a: Renounce Religion, Berserk, Trog's Hand, Brothers in Arms


You were in the Dungeon.
You worshipped Trog.
Trog was extremely pleased with you.
You visited 1 branch You collected 1053 gold pieces.
You spent 805 gold pieces at shops.

Inventory:

Hand Weapons
 a - a +0 hand axe (weapon)
Armour
 b - a +0 animal skin
 i - a +0 leather armour
 j - a +3 scale mail of cold resistance (worn)
 k - a +1 pair of boots of rampaging (worn)
Jewellery
 l - the ring of Zutzyrghu (left hand) {rPois Int+3}
   (You bought it in a shop in the Dungeon)

   [ring of poison resistance]

   Int:       It affects your intelligence (+3).
   rPois:     It protects you from poison.
Scrolls
 h - a scroll of blinking
Potions
 c - a potion of curing
 d - a potion of heal wounds
 e - a potion of haste
 f - 2 potions of magic
 g - a potion of berserk rage


   Skills:
 + Level 15.5 Fighting
 + Level 17.9 Axes
 + Level 8.8 Armour
 + Level 9.2 Dodging
 + Level 0.1 Stealth


You had 8 spell levels left.
You didn't know any spells.
Your spell library was empty.

Dungeon Overview and Level Annotations

Branches:
Dungeon (1/1)

Altars:
Cheibriados
Dithmenos
Elyvilon
Fedhas
Gozag
Kikubaaqudgha
Makhleb
Nemelex Xobeh
Okawaru
Sif Muna
Trog
Uskayaw
Vehumet
Yredelemnul
Zin
Beogh
Jiyva
Lugonu

Shops:
D [!:(?!=?!((:*=[

Annotations:
D exclusion: oklob plant


Innate Abilities, Weirdness & Mutations

You have a pair of horns on your head.
You reflexively headbutt those who attack you in melee.
Your mind is acute. (Int +2)
You are weak. (Str -2)
Potions are less effective at restoring your health.


Message History

Your unstable footing causes you to fumble your attack.
The water moccasin barely misses you.
Your unstable footing causes you to fumble your attack.
Your unstable footing causes you to fumble your attack.
The water moccasin bites you but does no damage.
You hit the water moccasin.
You kill the water moccasin!
Trog accepts your kill. Trog grants you a weapon!
Something appears at your feet!
You hear a splash.
You see here a +2 quarterstaff.
Things that are here:
a water moccasin corpse; a water moccasin corpse You start resting.
You feel a strong urge to attack something.
You are no longer berserk.
You are exhausted.
You feel yourself slow down.
You rampage towards the kraken!
Tentacles burst out of the water! 2 tentacles come into view.
You open the door. The tentacle slaps you!
Found seven items.
The tentacle slaps you! x2; The tentacle misses you.
You furiously retaliate!
You headbutt the tentacle!
There is an open door, spattered with blood here.
Found eight items.
The tentacle slaps you!!
You see here 3 potions of magic.
The tentacle slaps you!!
* * * LOW HITPOINT WARNING * * *
The tentacle slaps you!!
* * * LOW HITPOINT WARNING * * *
You see here a ring of resist corrosion.
The tentacle barely misses you. You furiously retaliate!
You headbutt the tentacle. The tentacle misses you.
You see here 15 sling bullets.
The tentacle slaps you but does no damage.
The tentacle closely misses you.
You see here 21 stones.
Found the Orb of Zot.
The tentacle slaps you!
You die...

▓0.. ▓▓▓▓▓▓▓▓▓▓
▓≈≈≈≈≈§§§▓▓ ▓▓▓▓▓▓▓▓▓▓▓
▓?[[![)($▓▓ ▓"$$?)(!!▓▓
+.### )▓[![?$:!$▓▓
...####▓)[([[[@)▓▓
#..##.#▓($!)?w(|▓▓
+..#.)#▓?)?(│$($▓▓
#..#÷÷#▓!=)(│!=$▓▓
###..##÷#▓[$($?\!(▓▓
.###^..##▓▓▓▓▓▓▓\▓▓▓▓+▓
.§.≈≈≈≈≈≈)†≈≈≈≈§.\wXw≈▓
§§.§#+########§###Vw≈≈▓
≈..§#....._._#≈≈§##≈≈≈▓


You could see a kraken and 3 tentacles.

Vanquished Creatures
  A merfolk siren (D)
  A yaktaur (D)
  A hornet (D)
  3 polar bears (D)
  4 neqoxecs (D)
  Menkaure (D)
  A vampire mosquito (D)
  4 water moccasins (D)
  4 necrophages (D)
  4 scorpions (D)
24 creatures vanquished.

Vanquished Creatures (others)
  8 tentacles (D)
8 creatures vanquished.

Grand Total: 32 creatures vanquished

Notes
Turn   | Place    | Note
-------+----------+-------------------------------------------
     0 | D        | boopmooplesden the Minotaur Berserker began the quest for
                  | the Orb.
     0 | D        | Reached XP level 1. HP: 19/19 MP: 0/0
     1 | D        | Noticed a necrophage
     1 | D        | Noticed a necrophage
     1 | D        | Noticed a necrophage
     1 | D        | Noticed a necrophage
     5 | D        | Killed a necrophage
     6 | D        | Reached skill level 7 in Axes
     6 | D        | Reached XP level 2. HP: 34/34 MP: 1/1
     6 | D        | Reached XP level 3. HP: 39/39 MP: 2/2
     6 | D        | Reached XP level 4. HP: 47/47 MP: 3/3
    11 | D        | Killed a necrophage
    12 | D        | Reached skill level 9 in Axes
    12 | D        | Reached XP level 5. HP: 56/56 MP: 4/4
    15 | D        | Killed a necrophage
    15 | D        | Reached ** piety under Trog
    16 | D        | Reached skill level 10 in Axes
    16 | D        | Reached skill level 5 in Armour
    16 | D        | Killed a necrophage
    17 | D        | Reached skill level 10 in Fighting
    17 | D        | Reached skill level 11 in Axes
    17 | D        | Reached skill level 5 in Dodging
    17 | D        | Reached XP level 6. HP: 66/66 MP: 5/5
    68 | D        | Noticed a merfolk siren
    81 | D        | Killed a merfolk siren
    82 | D        | Reached skill level 13 in Axes
    82 | D        | Reached XP level 7. HP: 74/75 MP: 6/6
    91 | D        | Noticed a neqoxec
    91 | D        | Noticed a neqoxec
    91 | D        | Noticed a neqoxec
    91 | D        | Noticed a neqoxec
    91 | D        | Gained mutation: Potions are less effective at restoring
                  | your health. [a neqoxec]
    95 | D        | Killed a neqoxec
    95 | D        | Reached *** piety under Trog
   102 | D        | Killed a neqoxec
   103 | D        | Reached skill level 14 in Axes
   105 | D        | Gained mutation: You are weak. (Str -2) [a neqoxec]
   110 | D        | Gained mutation: Your mind is acute. (Int +2) [a neqoxec]
   111 | D        | Killed a neqoxec
   112 | D        | Reached XP level 8. HP: 85/85 MP: 7/7
   119 | D        | Reached **** piety under Trog
   237 | D        | Reached skill level 15 in Axes
   269 | D        | Found Huuhamimn's Assorted Antiques.
   269 | D        | Found Foykkiol's Weapon Boutique.
   269 | D        | Found Deocykergh's Antique Armour Shop.
   269 | D        | Found Totsetili's Antique Weapon Boutique.
   269 | D        | Found Jetoigga's Jewellery Boutique.
   270 | D        | Found Doeraqiu's Book Shop.
   270 | D        | Found Xular's Distillery.
   270 | D        | Found Waykk's Magic Scroll Shop.
   271 | D        | Found Lyoplep's Jewellery Shop.
   271 | D        | Found Wufra's Distillery.
   271 | D        | Noticed Menkaure
   271 | D        | Noticed a polar bear
   271 | D        | Noticed a polar bear
   290 | D        | Killed Menkaure
   292 | D        | Found Ofun's Magic Scroll Boutique.
   292 | D        | Found Cuploymm's Weapon Shop.
   292 | D        | Noticed an oklob plant
   299 | D        | Reached ***** piety under Trog
   312 | D        | Noticed an iron elemental
   313 | D        | Found Caeroen's Distillery.
   313 | D        | Found Nonlud's Book Shoppe.
   313 | D        | Found Koifuet's Antique Armour Boutique.
   331 | D        | Bought a glowing scale mail for 196 gold pieces
   331 | D        | Bought a pair of embroidered boots for 210 gold pieces
   351 | D        | Bought the ring of Zutzyrghu {rPois Int+3} for 399 gold
                  | pieces
   388 | D        | Found a snail-covered altar of Cheibriados.
   389 | D        | Found a shadowy altar of Dithmenos.
   389 | D        | Found a viscous altar of Jiyva.
   390 | D        | Found a white marble altar of Elyvilon.
   390 | D        | Found an ancient bone altar of Kikubaaqudgha.
   391 | D        | Found a blossoming altar of Fedhas.
   391 | D        | Found a corrupted altar of Lugonu.
   391 | D        | Found a shimmering blue altar of Sif Muna.
   392 | D        | Found an opulent altar of Gozag.
   392 | D        | Found a burning altar of Makhleb.
   392 | D        | Found a bloodstained altar of Trog.
   393 | D        | Found a sparkling altar of Nemelex Xobeh.
   393 | D        | Found a hide-covered altar of Uskayaw.
   394 | D        | Found an iron altar of Okawaru.
   394 | D        | Found a radiant altar of Vehumet.
   394 | D        | Found a glowing silver altar of Zin.
   394 | D        | Found a basalt altar of Yredelemnul.
   394 | D        | Noticed a polar bear
   394 | D        | Noticed a polar bear
   395 | D        | Noticed a yaktaur
   395 | D        | Noticed a hornet
   403 | D        | Killed a polar bear
   404 | D        | Reached skill level 16 in Axes
   404 | D        | Noticed a polar bear
   410 | D        | Killed a polar bear
   411 | D        | Reached XP level 9. HP: 78/96 MP: 8/8
   416 | D        | Killed a polar bear
   418 | D        | Reached skill level 17 in Axes
   424 | D        | Killed a yaktaur
   425 | D        | Reached skill level 15 in Fighting
   752 | D        | Noticed a kraken
   894 | D        | Received a gift from Trog
   905 | D        | HP: 2/97 [tentacle[a kraken] (20)]
   908 | D        | Mangled by a tentacle

Illustrated notes

Levels and vault maps discovered:
D:        the_violet_keep_of_menkaure [sprint2_stairs_cluster_1,
          sprint2_shoproom, sprint2_temple, sprint2_basic_supplies,
          sprint2_obstacle_4, sprint2_obstacle_6, sprint2_obstacle_7,
          sprint2_obstacle_1, sprint2_obstacle_2, sprint2_timed_cluster_1,
          sprint2_smallroom_cluster_1, sprint2_smallroom_final_cluster_1,
          sprint2_transparent_cluster_1, sprint2_second_timed_cluster_1,
          sprint2_sniper_area_1, sprint2_heavy_combat_area_1,
          sprint2_mutation_trap_area_1, sprint2_forest_area_1,
          sprint2_light_combat_area_1, sprint2_behind_water_1,
          sprint2_near_end_vault_1]

Skill      XL: |  1  2  3  4  5  6  7  8  9 |
---------------+----------------------------+-----
Fighting       | 7 8 10 11 12 14 15 | 15.5
Axes           | 7 9 11 13 14 16 17 | 17.9
Armour         | 4 5 6 7 8 |  8.8
Dodging        | 3 4 5 6 8 9 |  9.2
Stealth        | |  0.1

Action                   |  1- 3 |  4- 6 |  7- 9 || total
-------------------------+-------+-------+-------++-------
Melee: Hand axe          |     3 |    21 |   100 ||   124
       Headbutt          |     1 |     4 |    14 ||    19
       Punch             |       |       |     1 ||     1
Invok: Berserk           |     1 |       |     4 ||     5
Armor: Animal skin       |       |       |     2 ||     2
       Scale mail        |       |       |    29 ||    29
Dodge: Dodged            |     1 |     5 |    49 ||    55
